 Dungeon Crawl Stone Soup version 0.27-a0-1559-g299f9947c5 (webtiles) character file.

Game seed: 10598125681272808434

270 HAL9000 the Sneak (level 6, 0/30 HPs)
             Began as a Vine Stalker Brigand on July 16, 2021.
             Was a Follower of Uskayaw.
             Succumbed to a water moccasin's poison
             ... on level 4 of the Dungeon.
             The game lasted 00:03:41 (3210 turns).

HAL9000 the Sneak (Vine Stalker Brigand)            Turns: 3210, Time: 00:03:42

Health: 0/30       AC:  4    Str: 15    XL:     6   Next: 22%
Magic:  3/7        EV: 11    Int: 12    God:    Uskayaw [*.....]
Gold:   118        SH:  0    Dex: 15    Spells: 5/5 levels left

rFire    . . .     SeeInvis .   a - +2 dagger
rCold    + . .     Faith    .   (no shield)
rNeg     . . .     Spirit   +   b - +0 robe
rPois    .         Reflect  .   (no helmet)
rElec    .         Harm     .   c - +0 cloak
rCorr    .         Rampage  .   l - +0 pair of gloves
Will     .....                  (no boots)
Stlth    +++.......             n - amulet of magic regeneration
HPRegen  1.10/turn              j - ring of protection from cold
MPRegen  0.35/turn              o - ring of wizardry

@: lethally poisoned (0 -> -2)
A: fangs 2, regeneration 1, magic shield, antimagic bite, no potion heal 2
a: Renounce Religion, Stomp


You were on level 4 of the Dungeon.
You worshipped Uskayaw.
Uskayaw was noncommittal.
You visited 1 branch of the dungeon, and saw 5 of its levels.

You collected 118 gold pieces.

Inventory:

Hand Weapons
 a - a +2 dagger (weapon)
Missiles
 d - 14 poisoned darts (quivered)
Armour
 b - a +0 robe (worn)
 c - a +0 cloak (worn)
 l - a +0 pair of gloves (worn)
Jewellery
 j - a ring of protection from cold (left hand)
 n - an amulet of magic regeneration (around neck)
 o - a ring of wizardry (right hand)
Scrolls
 f - a scroll of holy word {unknown}
 h - 2 scrolls of enchant weapon {unknown}
 i - 6 scrolls of identify {unknown}
 q - 2 scrolls of enchant armour {unknown}
 r - a scroll of teleportation {unknown}
Potions
 g - a potion of heal wounds {unknown}
 k - 2 potions of resistance {unknown}
 m - a potion of brilliance {unknown}
 p - a potion of magic {unknown}
 s - a potion of might {unknown}
 t - a potion of curing {unknown}


   Skills:
 - Level 1.7 Fighting
 + Level 3.2 Short Blades
 - Level 4.3 Throwing
 - Level 0.7 Dodging
 - Level 6.0 Stealth


You had 5 spell levels left.
You didn't know any spells.
Your spell library contained the following spells:

 Spells                   Type           Power      Damage    Failure   Level
 Corona                   Hex            0%         N/A       13%         1
 Ensorcelled Hibernation  Hex/Ice        0%         N/A       21%         2
 Tukima's Dance           Hex            0%         N/A       36%         3


Dungeon Overview and Level Annotations

Branches:
Dungeon (5/15)             Temple (0/1) D:4

Altars:
Qazlal
Uskayaw


Innate Abilities, Weirdness & Mutations

You have extremely sharp teeth.
Your natural rate of healing is unusually fast.
When hurt, damage is shared between your health and your magic reserves.
Your bite disrupts and absorbs the magic of your enemies.
Potions cannot restore your health.


Message History

You feel very sick. The water moccasin barely misses you.
Throw: 3 darts (curare)
Press: ? - help, Q - select action, (/) - cycle Shift-Dir - straight line, f/p - water moccasin
Aim: a water moccasin (42% to hit)
You throw a curare-tipped dart.
The curare-tipped dart barely misses the water moccasin.
You feel very sick. The water moccasin bites you.
* * * LOW HITPOINT WARNING * * *
Throw: 2 darts (curare)
Press: ? - help, Q - select action, (/) - cycle Shift-Dir - straight line, f/p - water moccasin
Aim: a water moccasin (42% to hit)
You throw a curare-tipped dart.
The curare-tipped dart hits the water moccasin.
* * * LOW HITPOINT WARNING * * *
You feel sick. The water moccasin bites you.
* * * LOW HITPOINT WARNING * * *
Throw: dart (curare)
Press: ? - help, Q - select action, (/) - cycle Shift-Dir - straight line, f/p - water moccasin
Aim: a water moccasin (42% to hit)
You throw a curare-tipped dart.
The curare-tipped dart barely misses the water moccasin.
* * * LOW HITPOINT WARNING * * *
You feel sick. The water moccasin closely misses you.
Okay, then.
Throw: 16 darts (poison)
Press: ? - help, Q - select action, (/) - cycle Shift-Dir - straight line, f/p - water moccasin
Aim: a water moccasin (42% to hit)
You throw a poisoned dart.
The poisoned dart misses the water moccasin.
* * * LOW HITPOINT WARNING * * *
You feel sick. The water moccasin closely misses you.
The water moccasin bites you but does no damage.
Throw: 15 darts (poison)
Press: ? - help, Q - select action, (/) - cycle Shift-Dir - straight line, f/p - water moccasin
Aim: a water moccasin (42% to hit)
You throw a poisoned dart.
The poisoned dart hits the water moccasin!
You die...

##.....#.........÷.....
#....<.................
##.....####..#..........
#......# #.............
#.....###########.######
#........###§§§§#.#§§§§#
###.......##§§§§#.#§§§§#
###.##...#§§§§#.#§§§§#
#...@...#§§§§#_#§§§§#
#...S...#§§§§###§§§§#
###..##...#§§§§§8§§§§§#
###.........#§§§§§§§§§§§#
##.....###..##§§§§§§§§§§§#
###.....####.###§§§§§§§§§§§#
#.#....## #....#§§§§§§§§§§§#
##...##.#####...# #
##..............##############


You could see a water moccasin.

Vanquished Creatures
  A sky beast (D:2)
  A water moccasin skeleton (D:4)
  A hound skeleton (D:4)
  5 adders
  An ufetubus (D:4)
  2 adder skeletons (D:4)
  A worm (D:2)
  2 dart slugs (D:2)
  4 endoplasms
  3 giant cockroaches
  7 hobgoblins
  4 jackals (D:1)
  5 kobolds
  4 quokkas
  6 ball pythons
  5 bats
  4 frilled lizards
  3 goblins
  A jackal skeleton (D:4)
  5 rats
65 creatures vanquished.

Notes
Turn   | Place    | Note
-------+----------+-------------------------------------------
     0 | D:1      | HAL9000 the Vine Stalker Brigand began the quest for the
                  | Orb.
     0 | D:1      | Reached XP level 1. HP: 11/11 MP: 2/2
    43 | D:1      | Reached skill level 5 in Stealth
   390 | D:1      | Reached XP level 2. HP: 15/15 MP: 3/3
   655 | D:1      | Found a faded altar of an unknown god.
   777 | D:1      | Reached skill level 6 in Stealth
   778 | D:1      | You fall into a shaft and drop 1 floor!
   812 | D:2      | Reached XP level 3. HP: 5/18 MP: 4/4
  1412 | D:2      | Gained mutation: Your natural rate of healing is unusually
                  | fast. [Vine Stalker growth]
  1412 | D:2      | Reached XP level 4. HP: 18/23 MP: 3/5
  1780 | D:2      | Found a hide-covered altar of Uskayaw.
  1845 | D:2      | Became a worshipper of Uskayaw the Reveller
  1941 | D:3      | Noticed a sky beast
  1948 | D:3      | Reached * piety under Uskayaw
  1969 | D:2      | Reached ** piety under Uskayaw
  1976 | D:2      | Reached *** piety under Uskayaw
  1977 | D:2      | Killed a sky beast
  1978 | D:2      | Reached XP level 5. HP: 9/26 MP: 3/6
  2890 | D:4      | Found a staircase to the Ecumenical Temple.
  2914 | D:4      | Reached XP level 6. HP: 26/30 MP: 2/7
  3172 | D:4      | Found a stormy altar of Qazlal.
  3199 | D:5      | Entered Level 5 of the Dungeon
  3199 | D:5      | Noticed a water moccasin
  3208 | D:4      | HP: 1/30 [poisoned by a water moccasin]
  3210 | D:4      | Succumbed to a water moccasin's poison

Illustrated notes

Levels and vault maps discovered:
D:1:      dpeg_arrival_simpleton_a, layout_loops_ring,
          ebering_ecumenical_altar_mist, kennysheep_boxes
D:2:      layout_loops_ring, basic_altar, st_stairs_2, due_unseen_surprise
D:3:      layout_basic
D:4:      layout_cave_pools, nicolae_qazlal_eye_of_the_storm,
          minmay_temple_entry_arrows
D:5:      layout_basic, grunt_temple_overflow_open, serial_shops,
          nicolae_shop_window_shopping, shop

Skill      XL: |  1  2  3  4  5 |
---------------+----------------+-----
Stealth        | 5 6 |  6.0
Throwing       | 2 4 |  4.3
Short Blades   | 3 |  3.2
Fighting       | |  1.7
Dodging        | |  0.7

Action                   |  1- 3 |  4- 6 || total
-------------------------+-------+-------++-------
Melee: Dagger            |    67 |   128 ||   195
       Bite              |    10 |    30 ||    40
Throw: Dart              |     1 |     8 ||     9
Invok: Line Pass         |       |     1 ||     1
 Stab: Sleeping          |    11 |     8 ||    19
       Paralysed         |       |     1 ||     1
Armor: Robe              |    13 |    27 ||    40
Dodge: Dodged            |    36 |    67 ||   103

Table legend: (Time is in decaauts)
 A = Elapsed time spent in this place.
 B = Non-inter-level travel time spent in this place.
 C = Inter-level travel time spent in this place.
 D = Time resting spent in this place.
 E = Time spent auto-exploring this place.
 F = Levels seen in this place.
 G = Mean time per level.
                   A        B        C        D        E       F      G
               +--------+--------+--------+--------+--------+-----+--------+
         Total |   3189 |   3107 |     82 |    788 |   1814 |   5 |  637.8 |
       Dungeon |   3189 |   3107 |     82 |    788 |   1814 |   5 |  637.8 |
               +--------+--------+--------+--------+--------+-----+--------+

Top non-repeatable levels by time:
     D:2: 1198 daAuts
     D:1: 774 daAuts
     D:3: 768 daAuts
     D:4: 443 daAuts
     D:5: 4 daAuts
